 Dungeon Crawl Stone Soup version 0.21-a0-356-g45b0a09 (webtiles) character file.

53 tidbits the Vexing (level 3, 0/28 HPs)
             Began as a Gnoll Wanderer on Oct 12, 2017.
             Slain by a worm (5 damage)
             ... on level 2 of the Dungeon.
             The game lasted 00:03:17 (386 turns).

tidbits the Vexing (Gnoll Wanderer)                  Turns: 386, Time: 00:03:18

Health: 0/28       AC:  3    Str: 13    XL:     3   Next: 89%
Magic:  5/5        EV: 12    Int: 15    God:
Gold:   55         SH:  0    Dex: 15    Spells: 3/4 levels left

rFire    . . .     SeeInvis .   a - +2 hand axe
rCold    . . .     Gourm    .   (no shield)
rNeg     . . .     Faith    .   d - +0 robe
rPois    .         Spirit   .   E - +0 helmet
rElec    .         Reflect  .   (no cloak)
rCorr    .         Harm     .   (no gloves)
MR       .....                  (no boots)
Stlth    ++........             (no amulet)
HPRegen  0.09/turn              (no ring)
MPRegen  0.09/turn              (no ring)

@: no status effects
A: distributed training, fangs 1, strong nose
a: no special abilities


You were on level 2 of the Dungeon.
You were not hungry.

You visited 1 branch of the dungeon, and saw 2 of its levels.

You collected 55 gold pieces.

Inventory:

Hand Weapons
 a - a +2 hand axe (weapon)
 l - a +0 hunting sling
 q - a +0 flail
Missiles
 k - 19 arrows
 m - 17 stones (quivered)
 p - 19 sling bullets
Armour
 d - a +0 robe (worn)
 E - a +0 helmet (worn)
Scrolls
 e - a scroll of blinking {unknown}
 g - 2 scrolls of identify {unknown}
Potions
 h - a potion of ambrosia {unknown}
 i - a potion of heal wounds
 o - a potion of curing {unknown}
Books
 b - the Volume of Sinister Rituals

   Spells                             Type                      Level
   a - Animate Skeleton               Necromancy                   1
   b - Vampiric Draining              Necromancy                   3
 c - Ypuwesiek's Volume of Creation

   Spells                             Type                      Level
   a - Summon Small Mammal            Summoning                    1
   b - Recall                         Summoning/Translocation      3
Comestibles
 f - a bread ration
 j - 3 fruits
 n - 2 chunks of flesh
 r - a meat ration


   Skills:
 + Level 2.6 Fighting
 + Level 1.0 Short Blades
 + Level 1.0 Long Blades
 + Level 2.6 Axes
 + Level 1.0 Maces & Flails
 + Level 1.0 Polearms
 + Level 1.0 Staves
 + Level 1.0 Slings
 + Level 1.0 Bows
 + Level 1.0 Crossbows
 + Level 1.0 Throwing
 + Level 2.6 Armour
 + Level 1.0 Dodging
 + Level 2.4 Stealth
 + Level 1.0 Shields
 + Level 1.0 Unarmed Combat
 + Level 1.0 Spellcasting
 + Level 1.0 Conjurations
 + Level 6.5 Hexes
 + Level 1.0 Charms
 + Level 4.6 Summonings
 + Level 1.0 Necromancy
 + Level 1.0 Translocations
 + Level 1.0 Transmutations
 + Level 1.0 Fire Magic
 + Level 1.0 Ice Magic
 + Level 1.0 Air Magic
 + Level 1.0 Earth Magic
 + Level 1.0 Poison Magic
 + Level 1.0 Invocations
 + Level 2.6 Evocations


You had 3 spell levels left.
You knew the following spells:

 Your Spells              Type           Power        Failure   Level  Hunger
n - Animate Skeleton      Necr           N/A          16%         1    ##.....


Dungeon Overview and Level Annotations

Branches:
Dungeon (2/15)

Altars:


Innate Abilities, Weirdness & Mutations

Your experience applies equally to all skills.
You have very sharp teeth.
Your uncanny sense of smell can sniff out nearby items.


Message History

The adder poisons you!
You closely miss the adder.
The adder is heavily wounded.
You feel sick. The adder misses you.
Your hobgoblin skeleton hits the adder.
The adder closely misses you.
You hit the adder.
You kill the adder!
You feel sick.
A rat comes into view.
You feel sick.
There is a stone staircase leading up here.
You climb upwards.
Your mindless thralls stay behind.
You feel sick.
There is a stone staircase leading down here.
You feel sick.
You feel sick.
You feel sick.
There is a stone staircase leading down here.
You feel sick.
You are no longer poisoned.
You climb downwards.
The rat completely misses you. The rat barely misses you.
There is a stone staircase leading up here.
You barely miss the rat. The rat bites you.
* * * LOW HITPOINT WARNING * * *
You slash the rat!
You kill the rat!
Your Short Blades skill increases to level 1!
Your Long Blades skill increases to level 1!
Your Maces & Flails skill increases to level 1!
Your Polearms skill increases to level 1!
Your Staves skill increases to level 1!
Your Slings skill increases to level 1!
Your Bows skill increases to level 1!
Your Crossbows skill increases to level 1!
Your Throwing skill increases to level 1!
Your Dodging skill increases to level 1!
Your Shields skill increases to level 1!
Your Unarmed Combat skill increases to level 1!
Your Spellcasting skill increases to level 1!
Your Conjurations skill increases to level 1!
Your Charms skill increases to level 1!
Your Necromancy skill increases to level 1!
Your Translocations skill increases to level 1!
Your Transmutations skill increases to level 1!
Your Fire Magic skill increases to level 1!
Your Ice Magic skill increases to level 1!
Your Air Magic skill increases to level 1!
Your Earth Magic skill increases to level 1!
Your Poison Magic skill increases to level 1!
Your Invocations skill increases to level 1!
Found 4 stones and a fuming coppery potion.
Found a metallic amethyst potion.
A worm comes into view.
You see here 4 stones.
m - 17 stones (gained 4)
The worm bites you!
* * * LOW HITPOINT WARNING * * *
You hit the worm. You bite the worm.
The worm is moderately wounded.
Your hobgoblin skeleton hits the worm.
A rat comes into view.
Your hobgoblin skeleton hits the worm.
Your hobgoblin skeleton hits the worm.
You hit the rat but do no damage. The rat closely misses you.
You slash the rat!
You kill the rat!
Your hobgoblin skeleton hits the worm.
What are your orders? t - Bark!
Orders for allies: a - Attack new target. r - Retreat! s - Stop attacking. g - Guard the area. f - Follow me.
Anything else - Cancel.
Gang up on whom?
Press: ? - help, Dir - move target cursor, f - worm
Aim: a worm (moderately wounded) Attack!
A goblin comes into view. It is wielding a dagger of venom.
Your hobgoblin skeleton hits the worm.
Your hobgoblin skeleton hits the worm.
There is a stone staircase leading up here.
What are your orders? t - Bark!
Orders for allies: a - Attack new target. p - Attack previous target. r - Retreat! s - Stop attacking. g - Guard the area. f - Follow me.
Anything else - Cancel.
Gang up on whom?
Press: ? - help, Dir - move target cursor, f/p - worm
Aim: a worm (lightly wounded) Attack!
Your hobgoblin skeleton hits the worm.
Your hobgoblin skeleton barely misses the worm.
You hit the worm.
The worm is moderately wounded.
You hit the worm. You bite the worm, but do no damage.
The worm is heavily wounded.
The worm closely misses you.
Your goblin skeleton hits the worm.
You hit the worm. You bite the worm.
The worm is almost dead.
Your goblin skeleton hits the worm but does no damage.
The worm bites you.
You die...

#...#.#ZZ.....######
#.##Z.#...#..........g
#...........##.#######
####.######....# ##.#.
###..# #.# # ######..#
##.#. #....Z..#
####.###...wZ..#
#......#...@...###
##.#..#.............
#.###Z#.#.......####
#.#.##.#.......#
#.Z###.#.......#
#..............#
##.#####.######.. #Z#
#.# ... #.#####.####
..


You could see a worm, a friendly goblin skeleton and a friendly hobgoblin
skeleton.

Vanquished Creatures
  Robin (D:2)
  2 adders (D:2)
  9 goblins
  3 hobgoblins
  3 jackals (D:1)
  A bat (D:1)
  A frilled lizard (D:1)
  A kobold (D:1)
  3 rats
24 creatures vanquished.

Notes
Turn   | Place    | Note
-------+----------+-------------------------------------------
     0 | D:1      | tidbits the Gnoll Wanderer began the quest for the Orb.
     0 | D:1      | tidbits set off with: a +2 hand axe, the Volume of Sinister Rituals, Ypuwesiek's Volume of Creation, a +0 robe, a bread ration
     0 | D:1      | Reached XP level 1. HP: 17/17 MP: 2/2
     0 | D:1      | Identified the Volume of Sinister Rituals
     0 | D:1      | Identified Ypuwesiek's Volume of Creation
   121 | D:1      | Reached XP level 2. HP: 15/23 MP: 3/3
   224 | D:2      | Reached XP level 3. HP: 5/28 MP: 4/4
   225 | D:2      | Noticed Robin
   243 | D:2      | Killed Robin
   262 | D:2      | Learned a level 1 spell: Animate Skeleton
   343 | D:2      | Reached skill level 1 in Short Blades
   343 | D:2      | Reached skill level 1 in Long Blades
   343 | D:2      | Reached skill level 1 in Maces & Flails
   343 | D:2      | Reached skill level 1 in Polearms
   343 | D:2      | Reached skill level 1 in Staves
   343 | D:2      | Reached skill level 1 in Slings
   343 | D:2      | Reached skill level 1 in Bows
   343 | D:2      | Reached skill level 1 in Crossbows
   343 | D:2      | Reached skill level 1 in Throwing
   343 | D:2      | Reached skill level 1 in Dodging
   343 | D:2      | Reached skill level 1 in Shields
   343 | D:2      | Reached skill level 1 in Unarmed Combat
   343 | D:2      | Reached skill level 1 in Spellcasting
   343 | D:2      | Reached skill level 1 in Conjurations
   343 | D:2      | Reached skill level 1 in Charms
   343 | D:2      | Reached skill level 1 in Necromancy
   343 | D:2      | Reached skill level 1 in Translocations
   343 | D:2      | Reached skill level 1 in Transmutations
   343 | D:2      | Reached skill level 1 in Fire Magic
   343 | D:2      | Reached skill level 1 in Ice Magic
   343 | D:2      | Reached skill level 1 in Air Magic
   343 | D:2      | Reached skill level 1 in Earth Magic
   343 | D:2      | Reached skill level 1 in Poison Magic
   343 | D:2      | Reached skill level 1 in Invocations
   386 | D:2      | Slain by a worm

Vault maps used:
D:1:      noname_arrival_rooms_in_the_neighbourhood, serial_bayou_pond_e,
          kennysheep_pointless_box
D:2:      uniq_robin

Skill      XL: |  1  2  3 |
---------------+----------+-----
Short Blades   | 1 |  1.0
Long Blades    | 1 |  1.0
Maces & Flails | 1 |  1.0
Polearms       | 1 |  1.0
Staves         | 1 |  1.0
Slings         | 1 |  1.0
Bows           | 1 |  1.0
Crossbows      | 1 |  1.0
Throwing       | 1 |  1.0
Dodging        | 1 |  1.0
Shields        | 1 |  1.0
Unarmed Combat | 1 |  1.0
Spellcasting   | 1 |  1.0
Conjurations   | 1 |  1.0
Charms         | 1 |  1.0
Necromancy     | 1 |  1.0
Translocations | 1 |  1.0
Transmutations | 1 |  1.0
Fire Magic     | 1 |  1.0
Ice Magic      | 1 |  1.0
Air Magic      | 1 |  1.0
Earth Magic    | 1 |  1.0
Poison Magic   | 1 |  1.0
Invocations    | 1 |  1.0
Fighting       | |  2.6
Axes           | |  2.6
Armour         | |  2.6
Stealth        | |  2.4
Hexes          | |  6.5
Summonings     | |  4.6
Evocations     | |  2.6

Action                   || total
-------------------------++-------
Melee: Hand axe          ||    65
       Bite              ||     8
 Cast: Animate Skeleton  ||     2
  Use: Potion            ||     1
 Stab: Sleeping          ||     1
Armor: Robe              ||    10
Dodge: Dodged            ||    44

Table legend:
 A = Spawn XP
 B = Non-spawn XP
 C = Spawn XP percentage of total XP
 D = Spawn monster count
 E = Non-spawn monster count
 F = Spawn count percentage of total count
 G = Total turns spent on level
                    A         B        C        D         E        F      G
               +---------+---------+-------+---------+---------+-------+---------
         Total |       0 |      77 |   0.0 |       0 |      24 |   0.0 |   386
               +---------+---------+-------+---------+---------+-------+---------
           D:1 |       0 |      14 |   0.0 |       0 |       9 |   0.0 |   197
           D:2 |       0 |      63 |   0.0 |       0 |      15 |   0.0 |   189
               +---------+---------+-------+---------+---------+-------+---------

Table legend:
 A = Turns spent in this place as a percentage of turns spent in the entire game.
 B = Non-inter-level travel turns spent in this place as a percentage of non-inter-level travel turns spent in the entire game.
 C = Inter-level travel turns spent in this place as a percentage of turns spent in this place.
 D = Turns resting spent in this place as a percentage of non-inter-level travel turns spent in this place.
 E = Turns spent auto-exploring this place as a percentage of non-inter-level travel turns spent in this place.
 F = Non-inter-level travel turns spent in this place divided by the number of levels of this place that you've seen.
                   A       B       C       D       E      F
               +-------+-------+-------+-------+-------+----------------------
         Total | 100.0 | 100.0 |   0.0 |   0.0 |   0.0 | 193.0
       Dungeon | 100.0 | 100.0 |   0.0 |   0.0 |   0.0 | 193.0
               +-------+-------+-------+-------+-------+----------------------

Table legend:
 A = Kills in this place as a percentage of kills in entire the game.
 B = Kills by you in this place as a percentage of kills by you in the entire game.
 C = Kills by friends in this place as a percentage of kills by friends in the entire game.
 D = Other kills in this place as a percentage of other kills in the entire game.
 E = Experience gained in this place as a percentage of experience gained in the entire game.
 F = Experience gained in this place divided by the number of levels of this place that you have seen.
                   A       B       C       D       E      F
               +-------+-------+-------+-------+-------+----------------------
         Total | 100.0 | 100.0 |   N/A |   N/A | 100.0 |  38.5
       Dungeon | 100.0 | 100.0 |   N/A |   N/A | 100.0 |  38.5
               +-------+-------+-------+-------+-------+----------------------

Vault maps used:
D:1:      noname_arrival_rooms_in_the_neighbourhood, serial_bayou_pond_e,
          kennysheep_pointless_box
D:2:      uniq_robin
